AoeStats
← [00]

Nomad

509940989Analyzed
2v2 RM · 3d ago on Sep 28, 2026· 22m 18s· 4 players
Game mode
Random Map
Map size
176×176
Population
200
Speed
Normal
Resources
Standard
Victory
Conquest
Starting age
Dark Age
Ending age
Imperial Age
RankedLock teamsTeams togetherTeam positionsShared explorationLock speedFull tech treeHidden civsTurbo modeCheats
Victory
Defeat
🇪🇸 Spanish · Spain
1429
+12
🇪🇸 Lithuanians · Spain
1413
+12
🇨🇭 Vietnamese · Switzerland
1343
-12
🇩🇪 Spanish · Germany
1343
-12
elgrantato
3:44 Loom
13:00 Feudal Age
14:07 Town Watch
16:47 Castle Age
15:50 Stone Mining
16:32 Double-Bit Axe
18:06 Fletching
22:41 Padded Archer Armor
[Kachop] Baryuan
5:50 Loom
13:23 Feudal Age
20:08 Castle Age
18:57 Fletching
21:43 Elite Skirmisher
[00]
4:52 Loom
12:31 Feudal Age
16:53 Castle Age
16:05 Fletching
19:20 Padded Archer Armor
#v0dk4
6:59 Loom
15:42 Feudal Age
19:48 Castle Age
18:41 Fletching
20:49 Crossbowman
Connection lost

Rejoining the realm…

Still unreachable

The connection could not be restored.

Session expired

The server has moved on; the page needs a fresh start.